 Dungeon Crawl Stone Soup version 0.27.1-1-g398f81649c (webtiles) character file.

Game seed: 11196487467607787037

95 pokedragonboy the Transmogrifier (level 4, -2/38 HPs)
             Began as a Merfolk Transmuter on Sept 15, 2021.
             Slain by a gnoll (6 damage)
             ... on level 2 of the Dungeon.
             The game lasted 00:03:38 (2316 turns).

pokedragonboy the Transmogrifier (MfTm)             Turns: 2316, Time: 00:03:39

Health: -2/38      AC:  2    Str: 11    XL:     4   Next: 66%
Magic:  6/10       EV: 14    Int: 12    God:
Gold:   16         SH:  0    Dex: 14    Spells: 9/12 levels left

rFire    . . .     SeeInvis .   g - +0 spear
rCold    . . .     Faith    .   (no shield)
rNeg     . . .     Spirit   .   a - +0 robe
rPois    .         Reflect  .   (helmet currently unavailable)
rElec    .         Harm     .   (no cloak)
rCorr    .         Rampage  .   (no gloves)
Will     .....                  (boots currently unavailable)
Stlth    +.........             (no amulet)
HPRegen  0.12/turn              (no ring)
MPRegen  0.12/turn              (no ring)

@: appendages (expiring)
A: horns 2, (nimble swimmer 2), mertail
a: End Transformation


You were on level 2 of the Dungeon.
You had temporarily grown beastly horns.
You visited 1 branch of the dungeon, and saw 2 of its levels.

You collected 16 gold pieces.

Inventory:

Hand Weapons
 g - a +0 spear (weapon)
Armour
 a - a +0 robe (worn)
Scrolls
 b - a scroll of amnesia {unknown}
 d - a scroll of enchant armour {unknown}
 f - a scroll of identify {unknown}


   Skills:
 - Level 4.5 Fighting
 - Level 6.1 Dodging
 + Level 6.0 Unarmed Combat
 + Level 4.5 Spellcasting
 * Level 9.0 Transmutations


You had 9 spell levels left.
You knew the following spells:

 Your Spells              Type           Power      Damage    Failure   Level
a - Beastly Appendage     Tmut           48%        N/A       1%          1
b - Wereblood             Tmut           24%        N/A       1%          2

Your spell library contained the following spells:

 Spells                   Type           Power      Damage    Failure   Level
 Spider Form              Tmut/Pois      6%         N/A       10%         3
 Ice Form                 Ice/Tmut       13%        N/A       32%         4


Dungeon Overview and Level Annotations

Branches:
Dungeon (2/15)

Altars:


Innate Abilities, Weirdness & Mutations

You have temporarily grown beastly horns.
((You are quick and stealthy near water. (Stealth+, EV+, Speed+++)))
Your lower body shifts to a powerful aquatic tail in water.


Message History

You grow a pair of large bovine horns.
The gnoll shouts!
The gnoll closely misses you.
You reach to attack!
You barely miss the gnoll.
The gnoll hits you from afar with a +0 spear.
You reach to attack!
You hit the gnoll.
The gnoll is lightly wounded.
The gnoll closely misses you.
You reach to attack!
You barely miss the gnoll.
The gnoll is lightly wounded.
The gnoll hits you from afar with a +0 spear!
The gnoll hits you from afar with a +0 spear.
* * * LOW HITPOINT WARNING * * *
The gnoll hits you with a +0 spear.
* * * LOW HITPOINT WARNING * * *
You hit the gnoll but do no damage.
The gnoll is lightly wounded.
The gnoll closely misses you.
The gnoll shouts!
You hit the gnoll.
The gnoll is heavily wounded.
The gnoll hits you with a +0 spear.
* * * LOW HITPOINT WARNING * * *
It was a potion of experience.
You feel more experienced!
Your Fighting skill gained 3 levels and is now at level 4!
Your Dodging skill gained 4 levels and is now at level 6!
Your Unarmed Combat skill gained 3 levels and is now at level 6!
Your Spellcasting skill gained 2 levels and is now at level 4!
Your Transmutations skill gained 5 levels and is now at level 9!
You have reached level 4!
The gnoll hits you with a +0 spear.
* * * LOW HITPOINT WARNING * * *
The gnoll completely misses you.
You aren't carrying any potions.
The gnoll closely misses you.
Your transformation is almost over.
There is a stone staircase leading up here.
The gnoll hits you from afar with a +0 spear.
You die...

##.# #> .... #.. ....
..#.. g..g ..#..#####
.... .........##. ....
.......@.##. ♣♣♣♣♣♣.g..
.........#... ♣.♣....#
.......g.#... ♣PgPP♣##
#......)g#...♣♣.♣♣♣♣#
#........# #..PP♣♣.# #.
#........# #..P♣♣..####
#..
#........####♣.♣♣.......
#..
#...........#....#+#####
...
#########....#..........#


You could see 2 gnolls.

Vanquished Creatures
  A gnoll (D:2)
  A dart slug (D:1)
  A ball python (D:2)
  4 bats
  An endoplasm (D:1)
  A giant cockroach (D:1)
  2 goblins (D:1)
  6 hobgoblins (D:1)
  4 jackals (D:1)
  6 kobolds
  A frilled lizard (D:1)
  A rat (D:1)
29 creatures vanquished.

Notes
Turn   | Place    | Note
-------+----------+-------------------------------------------
     0 | D:1      | pokedragonboy the Merfolk Transmuter began the quest for
                  | the Orb.
     0 | D:1      | Reached XP level 1. HP: 15/15 MP: 3/3
   250 | D:1      | Reached skill level 3 in Transmutations
   263 | D:1      | Found a faded altar of an unknown god.
   481 | D:1      | You fall into a shaft and drop 1 floor!
   491 | D:2      | Reached XP level 2. HP: 21/21 MP: 3/5
  1303 | D:1      | Learned a level 2 spell: Wereblood
  1459 | D:1      | Reached XP level 3. HP: 15/26 MP: 6/6
  1948 | D:1      | Reached skill level 4 in Transmutations
  2310 | D:2      | Reached skill level 9 in Transmutations
  2310 | D:2      | Reached XP level 4. HP: 4/38 MP: 5/10
  2316 | D:2      | Slain by a gnoll

Illustrated notes

Levels and vault maps discovered:
D:1:      zelgadis_glass_arrival_small, layout_basic, basic_ecumenical_altar,
          minmay_misc_feat_square, ebering_dispersal_statue_hall
D:2:      layout_basic, serial_forest, infiniplex_forest_end_2,
          infiniplex_forest_straight_4, infiniplex_forest_corner_2,
          infiniplex_forest_clump_cross, infiniplex_forest_clump_small,
          infiniplex_forest_straight_5, infiniplex_forest_clump_small,
          uniq_terence

Skill      XL: |  1  2  3 |
---------------+----------+-----
Transmutations | 3 9 |  9.0
Fighting       | 4 |  4.5
Dodging        | 6 |  6.1
Unarmed Combat | 6 |  6.0
Spellcasting   | 4 |  4.5

Action                   |  1- 3 |  4- 6 || total
-------------------------+-------+-------++-------
Melee: Unarmed           |    35 |       ||    35
       Headbutt          |    16 |       ||    16
       Short sword       |    62 |       ||    62
       Punch             |     1 |       ||     1
       Spear             |     5 |       ||     5
 Cast: Beastly Appendage |    18 |       ||    18
       Wereblood         |     1 |       ||     1
  Use: Potion            |     1 |       ||     1
Armor: Robe              |    20 |       ||    20
Dodge: Dodged            |    95 |     2 ||    97
